 Dungeon Crawl Stone Soup version 0.23.2-1-ga50397a (webtiles) character file.

Game seed: 3703380116897206340

511 Aske the Ruffian (level 7, 0/60 HPs)
             Began as a Ghoul Monk on Apr 26, 2019.
             Was a Believer of Ashenzari.
             Slain by an orc wizard
             ... wielding a cursed -2 dagger
              (3 damage)
             ... on level 4 of the Dungeon.
             The game lasted 00:05:28 (2843 turns).

Aske the Ruffian (Ghoul Monk)                       Turns: 2843, Time: 00:05:29

Health: 0/60       AC:  5    Str: 15    XL:     7   Next: 19%
Magic:  6/6        EV: 19    Int:  5    God:    Ashenzari [**....]
Gold:   162        SH:  0    Dex: 20    Spells: 6/6 levels left

rFire    . . .     SeeInvis .     - Unarmed
rCold    + . .     Gourm    .   (no shield)
rNeg     + + +     Faith    .   n - +0 leather armour
rPois    ∞         Spirit   .   (no helmet)
rElec    .         Reflect  .   (no cloak)
rCorr    .         Harm     .   (no gloves)
MR       .....                  w - +0 pair of boots
Stlth    ++++......             (no amulet)
HPRegen  0.00/turn              t - +1 ring of protection
MPRegen  0.10/turn              u - +2 ring of dexterity

@: agile, rotting
A: rotting body, claws 1, carnivore, cold resistance 1, negative energy
resistance 3, inhibited regeneration, torment resistance, unbreathing
a: Curse Item, Scrying, Renounce Religion


You were on level 4 of the Dungeon.
You worshipped Ashenzari.
Ashenzari was pleased with you.
You were not hungry.

You visited 2 branches of the dungeon, and saw 5 of its levels.

You collected 162 gold pieces.

Inventory:

Armour
 n - a +0 leather armour (worn)
 o - a +0 pair of gloves
 w - a +0 pair of boots (worn)
Jewellery
 e - an uncursed ring of protection from cold
 t - a +1 ring of protection (left claw)
 u - a +2 ring of dexterity (right claw)
Wands
 s - a wand of random effects (4)
Scrolls
 c - 2 scrolls of remove curse
 i - 2 scrolls of amnesia {unknown}
 l - a scroll of fear {unknown}
 p - 3 scrolls of fog {unknown}
 q - a scroll of noise {unknown}
 v - a scroll of immolation {unknown}
Potions
 a - 3 potions of curing
 j - 4 potions of brilliance
Comestibles
 b - 5 rations


   Skills:
 + Level 4.3 Fighting
 + Level 1.6 Armour
 + Level 3.8 Dodging
 + Level 4.0 Stealth
 + Level 6.3 Unarmed Combat


You had 6 spell levels left.
You didn't know any spells.
Your spell library was empty.

Dungeon Overview and Level Annotations

Branches:
Dungeon (4/15)             Temple (1/1) D:4

Altars:
Ashenzari
Cheibriados
Dithmenos
Elyvilon
Fedhas
Gozag
Hepliaklqana
Kikubaaqudgha
Nemelex Xobeh
Okawaru
Qazlal
Ru
Sif Muna
Trog
Uskayaw
Vehumet
Wu Jian
Xom
Yredelemnul
Zin
The Shining One


Innate Abilities, Weirdness & Mutations

Your body is rotting away.
You thrive on raw meat.
You are immune to poison.
You have sharp fingernails.
You are carnivorous and can eat meat at any time.
Your flesh is cold resistant. (rC+)
You are immune to negative energy. (rN+++)
You do not regenerate when monsters are visible.
You are immune to unholy pain and torment.
You can survive without breathing.


Message History

The orc priest hits you but does no damage.
You scratch the orc priest.
The orc priest is severely wounded.
Something hits you but does no damage. The orc priest completely misses you.
You scratch the orc priest but do no damage.
The orc priest is severely wounded.
Something hits you.
* * * LOW HITPOINT WARNING * * *
The orc priest hits you but does no damage.
You scratch the orc priest.
The orc priest is almost dead.
Something hits you but does no damage.
The orc priest hits you with a +0 dagger.
* * * LOW HITPOINT WARNING * * *
You claw the orc priest!
You kill the orc priest!
Something barely misses you.
You miss something. Something hits you but does no damage.
You barely miss something. Something hits you.
You die...

#(.........#.........
#.......^..+......⌠8.
#....#######.........
###....# #.....>.⌠8.
#......# #..........
#......######....#..⌠8.
#................#.....
#......{...............
#...#.@.......###......
#...#..)......###......
#####...........[......
#.........####.....
#......... #.....
#..o...... #.....
#.........* #.....
#......... #####. . ,
#.


You could see an orc wizard.

Vanquished Creatures
  A scorpion (D:3)
  A howler monkey (D:4)
  A hound (D:4)
  2 orc priests
  A bullfrog skeleton (D:4)
  Natasha (thrice) (D:2)
  2 worker ants (D:4)
  8 adders
  An ooze (D:3)
  4 worms
  3 dart slugs
  4 leopard geckos
  10 orcs
  A ball python (D:1)
  6 bats
  5 giant cockroaches
  6 goblins
  7 hobgoblins
  10 jackals
  7 kobolds
  2 frilled lizards (D:3)
  4 rats
89 creatures vanquished.

Notes
Turn   | Place    | Note
-------+----------+-------------------------------------------
     0 | D:1      | Aske the Ghoul Monk began the quest for the Orb.
     0 | D:1      | Reached XP level 1. HP: 19/19 MP: 0/0
   291 | D:1      | Reached XP level 2. HP: 24/26 MP: 1/1
   831 | D:1      | Reached XP level 3. HP: 31/31 MP: 2/2
   942 | D:2      | Reached skill level 4 in Unarmed Combat
   965 | D:2      | Noticed Natasha
   981 | D:2      | Killed Natasha
   981 | D:2      | Reached XP level 4. HP: 25/40 MP: 3/3
  1115 | D:2      | Noticed Natasha
  1124 | D:2      | Killed Natasha
  1240 | D:2      | Noticed Natasha
  1247 | D:2      | Killed Natasha
  1247 | D:2      | Reached XP level 5. HP: 46/46 MP: 4/4
  1657 | D:2      | Reached skill level 5 in Unarmed Combat
  1752 | D:3      | Reached XP level 6. HP: 19/52 MP: 5/5
  2301 | D:4      | Reached skill level 1 in Armour
  2490 | D:4      | Reached skill level 6 in Unarmed Combat
  2524 | D:4      | Found a staircase to the Ecumenical Temple.
  2569 | D:4      | Reached XP level 7. HP: 21/59 MP: 6/6
  2651 | Temple   | Entered the Ecumenical Temple
  2764 | Temple   | Became a worshipper of Ashenzari the Shackled
  2764 | Temple   | Reached * piety under Ashenzari
  2764 | Temple   | Reached ** piety under Ashenzari
  2840 | D:4      | HP: 3/60 [orc priest/+0 dagger (3)]
  2843 | D:4      | Slain by an orc wizard

Skill      XL: |  1  2  3  4  5  6  7 |
---------------+----------------------+-----
Dodging        | 3 |  3.8
Unarmed Combat | 4 5 6 |  6.3
Stealth        | 3 4 |  4.0
Fighting       | 4 |  4.3
Armour         | 1 |  1.6

Action                   |  1- 3 |  4- 6 |  7- 9 || total
-------------------------+-------+-------+-------++-------
Melee: Unarmed           |    88 |   183 |    40 ||   311
       Punch             |       |     3 |       ||     3
  Use: Scroll            |       |     5 |     1 ||     6
       Potion            |       |     1 |     2 ||     3
 Stab: Sleeping          |     5 |     7 |       ||    12
  Eat: Chunk             |     6 |    20 |     8 ||    34
Armor: Robe              |     8 |       |       ||     8
       Leather armour    |       |    40 |    13 ||    53
Dodge: Dodged            |    56 |   125 |    26 ||   207
